2000 views
Uploaded 2023-05-26 21:31:39
Game version 1.36 (6115)
15:57 long 4on4 ladder game on (8)Feralas_S2
Saved by DKnight
2000 views
Uploaded 2023-05-26 21:31:39
Game version 1.36 (6115)
15:57 long 4on4 ladder game on (8)Feralas_S2


131 units @ 18k
/ 2.3k
71 buildings @ 11.5k
/ 3.7k



| Healing Salve | 2 | 200 |
| Lesser Clarity Potion | 2 | 140 |
| Potion of Healing | 1 | 150 |
| Orb of Lightning | 1 | 375 |
| Potion of Mana | 1 | 200 |
| Scroll of Town Portal | 4 | 1400 |
| total: | 11 | 2465g |
| Peon | 21 | 1575 | / | 0 |
| Grunt | 1 | 200 | / | 0 |
| Troll Headhunter | 11 | 1540 | / | 220 |
| Troll Berserker | 5 | 700 | / | 100 |
| Raider | 4 | 720 | / | 160 |
| Shaman | 2 | 260 | / | 40 |
| total: | 44 | 4995g | / | 520w |
| Watch Tower | 7 | 770 | / | 560 |
| War Mill | 1 | 205 | / | 0 |
| Orc Burrow | 6 | 960 | / | 240 |
| Barracks | 1 | 180 | / | 50 |
| Altar of Storms | 2 | 360 | / | 100 |
| Voodoo Lounge | 2 | 260 | / | 60 |
| Great Hall | 1 | 385 | / | 185 |
| Beastiary | 1 | 145 | / | 140 |
| Spirit Lodge | 1 | 150 | / | 150 |
| Stronghold | 1 | 315 | / | 190 |
| Fortress | 1 | 325 | / | 190 |
| total: | 22 | 3415g | / | 1485w |
| 0:03 | Peon |
| 0:03 | Peon |
| 0:04 | Peon |
| 0:08 | War Mill |
| 0:14 | Orc Burrow |
| 0:27 | Peon |
| 0:40 | Barracks |
| 0:50 | Peon |
| 1:09 | Altar of Storms |
| 1:11 | Altar of Storms |
| 1:16 | Peon |
| 1:26 | Peon |
| 1:39 | Peon |
| 1:45 | Grunt |
| 2:00 | Orc Burrow |
| 2:16 | Troll Headhunter |
| 2:27 | Voodoo Lounge |
| 2:51 | Troll Headhunter |
| 3:02 | Troll Headhunter |
| 3:10 | War Stomp |
| 3:14 | Troll Headhunter |
| 3:31 | Stronghold |
| 3:39 | Troll Headhunter |
| 3:45 | Healing Salve |
| 4:07 | Watch Tower |
| 4:29 | Endurance Aura |
| 4:43 | Troll Headhunter |
| 5:13 | Great Hall |
| 5:21 | Troll Headhunter |
| 5:22 | Troll Headhunter |
| 5:25 | Watch Tower |
| 5:55 | Orc Burrow |
| 6:05 | Healing Salve |
| 6:06 | Lesser Clarity Potion |
| 6:06 | Potion of Healing |
| 7:12 | Watch Tower |
| 7:17 | Peon |
| 7:17 | Peon |
| 7:19 | Troll Headhunter |
| 7:20 | War Stomp |
| 7:39 | Peon |
| 7:39 | Peon |
| 7:39 | Peon |
| 7:46 | Peon |
| 7:46 | Peon |
| 7:51 | Healing Wave |
| 8:16 | Peon |
| 8:16 | Peon |
| 9:11 | Peon |
| 9:13 | Peon |
| 9:19 | Fortress |
| 9:20 | Troll Regeneration |
| 9:22 | Beastiary |
| 9:32 | Peon |
| 9:32 | Peon |
| 10:13 | Troll Headhunter |
| 10:14 | Troll Headhunter |
| 10:21 | Scroll of Town Portal |
| 11:00 | Watch Tower |
| 11:03 | Reinforced Defenses |
| 11:07 | Scroll of Town Portal |
| 11:23 | Voodoo Lounge |
| 11:33 | Spirit Lodge |
| 11:44 | Steel Ranged Weapons |
| 11:47 | Berserker Upgrade |
| 12:17 | Orc Burrow |
| 12:19 | Orc Burrow |
| 12:31 | Orc Burrow |
| 12:33 | Troll Berserker |
| 12:48 | Watch Tower |
| 12:52 | Watch Tower |
| 13:43 | Scroll of Town Portal |
| 13:45 | Raider |
| 13:45 | Ensnare |
| 13:52 | Lesser Clarity Potion |
| 13:53 | Orb of Lightning |
| 14:34 | Watch Tower |
| 14:41 | Raider |
| 14:43 | Shaman Adept Training |
| 14:43 | Shaman |
| 14:43 | Shaman |
| 14:44 | Troll Berserker |
| 14:44 | Troll Berserker |
| 15:13 | Wind Walk |
| 15:20 | Scroll of Town Portal |
| 15:21 | Potion of Mana |
| 15:41 | Raider |
| 15:41 | Raider |
| 15:42 | Troll Berserker |
| 15:42 | Troll Berserker |
| Right click | 815 |
| Select | 373 |
| Misc. action | 353 |
| Select group | 233 |
| Build/train/purchase | 94 |
| Chat | 60 |
| Assign group | 33 |
| Use ability | 22 |
| Resource trade | 15 |
| Esc | 6 |
| Item give/drop | 3 |
| Minimap ping | 2 |
| Remove unit | 1 |


| Rod of Necromancy | 2 | 300 |
| Potion of Healing | 2 | 300 |
| Potion of Lesser Invulnerability | 1 | 150 |
| total: | 5 | 750g |
| Acolyte | 11 | 825 | / | 0 |
| Ghoul | 2 | 240 | / | 0 |
| Crypt Fiend | 13 | 2795 | / | 520 |
| Obsidian Statue | 4 | 800 | / | 140 |
| total: | 30 | 4660g | / | 660w |
| Spirit Tower | 2 | 290 | / | 80 |
| Crypt | 2 | 400 | / | 100 |
| Graveyard | 1 | 215 | / | 0 |
| Altar of Darkness | 1 | 180 | / | 50 |
| Ziggurat | 9 | 1350 | / | 450 |
| Tomb of Relics | 1 | 130 | / | 30 |
| Necropolis | 4 | 900 | / | 0 |
| Slaughterhouse | 1 | 140 | / | 135 |
| Halls of the Dead | 1 | 320 | / | 210 |
| Black Citadel | 1 | 325 | / | 230 |
| total: | 19 | 3315g | / | 765w |
| 0:02 | Acolyte |
| 0:02 | Acolyte |
| 0:04 | Crypt |
| 0:19 | Graveyard |
| 0:46 | Altar of Darkness |
| 0:56 | Ziggurat |
| 1:07 | Ghoul |
| 1:22 | Tomb of Relics |
| 1:47 | Ghoul |
| 1:54 | Ziggurat |
| 2:16 | Crypt Fiend |
| 2:33 | Crypt Fiend |
| 2:49 | Rod of Necromancy |
| 2:57 | Death Coil |
| 3:10 | Crypt Fiend |
| 3:15 | Acolyte |
| 3:57 | Halls of the Dead |
| 4:01 | Unholy Aura |
| 4:33 | Necropolis |
| 4:50 | Crypt Fiend |
| 5:02 | Rod of Necromancy |
| 5:51 | Ziggurat |
| 6:08 | Necropolis |
| 6:49 | Necropolis |
| 6:52 | Necropolis |
| 6:56 | Slaughterhouse |
| 7:19 | Crypt Fiend |
| 7:26 | Potion of Lesser Invulnerability |
| 7:29 | Death Coil |
| 7:36 | Crypt Fiend |
| 7:47 | Ziggurat |
| 7:53 | Frost Nova |
| 8:35 | Crypt Fiend |
| 8:41 | Ziggurat |
| 8:42 | Acolyte |
| 8:42 | Acolyte |
| 8:47 | Obsidian Statue |
| 9:12 | Ziggurat |
| 9:18 | Ziggurat |
| 9:22 | Obsidian Statue |
| 9:42 | Spirit Tower |
| 10:00 | Crypt Fiend |
| 10:06 | Acolyte |
| 10:06 | Acolyte |
| 10:42 | Acolyte |
| 10:42 | Acolyte |
| 10:43 | Ziggurat |
| 10:44 | Unholy Strength |
| 10:46 | Acolyte |
| 10:46 | Acolyte |
| 11:06 | Ziggurat |
| 11:10 | Black Citadel |
| 11:13 | Crypt Fiend |
| 11:13 | Obsidian Statue |
| 11:17 | Potion of Healing |
| 11:27 | Potion of Healing |
| 11:36 | Creature Attack |
| 11:55 | Creature Carapace |
| 12:26 | Crypt Fiend |
| 12:40 | Spirit Tower |
| 12:45 | Improved Creature Attack |
| 13:27 | Obsidian Statue |
| 14:20 | Destroyer Form |
| 14:36 | Crypt Fiend |
| 14:38 | Crypt |
| 14:47 | Improved Creature Carapace |
| 14:48 | Crypt Fiend |
| 15:28 | Crypt Fiend |
| Right click | 953 |
| Select group | 602 |
| Select | 300 |
| Misc. action | 102 |
| Build/train/purchase | 101 |
| Assign group | 43 |
| Use ability | 31 |
| Esc | 4 |
| Remove unit | 3 |
| Minimap ping | 1 |

| Potion of Healing | 1 | 150 |
| Potion of Mana | 1 | 200 |
| total: | 2 | 350g |
| Peon | 7 | 525 | / | 0 |
| Grunt | 2 | 400 | / | 0 |
| Troll Headhunter | 14 | 1960 | / | 280 |
| total: | 23 | 2885g | / | 280w |
| Altar of Storms | 1 | 180 | / | 50 |
| Orc Burrow | 5 | 800 | / | 200 |
| Barracks | 2 | 360 | / | 100 |
| War Mill | 1 | 205 | / | 0 |
| Voodoo Lounge | 3 | 390 | / | 90 |
| Stronghold | 1 | 315 | / | 190 |
| Fortress | 1 | 325 | / | 190 |
| total: | 12 | 1935g | / | 440w |
| 0:08 | Altar of Storms |
| 0:11 | Orc Burrow |
| 0:12 | Peon |
| 0:29 | Barracks |
| 0:35 | Peon |
| 0:56 | Peon |
| 1:20 | Peon |
| 1:36 | Grunt |
| 1:50 | War Mill |
| 2:06 | Grunt |
| 2:13 | War Stomp |
| 2:26 | Orc Burrow |
| 2:52 | Barracks |
| 2:54 | Peon |
| 3:23 | Orc Burrow |
| 3:26 | Troll Headhunter |
| 3:44 | Steel Ranged Weapons |
| 3:47 | Troll Headhunter |
| 4:14 | Troll Headhunter |
| 4:21 | Shockwave |
| 4:42 | Troll Headhunter |
| 4:53 | Spiked Barricades |
| 5:26 | Troll Headhunter |
| 6:02 | Stronghold |
| 6:06 | Troll Headhunter |
| 6:42 | Troll Headhunter |
| 7:15 | Troll Headhunter |
| 7:44 | Orc Burrow |
| 7:56 | Voodoo Lounge |
| 8:34 | Voodoo Lounge |
| 8:50 | Troll Headhunter |
| 9:46 | Troll Headhunter |
| 10:02 | Orc Burrow |
| 10:08 | Voodoo Lounge |
| 10:44 | Fortress |
| 10:51 | Endurance Aura |
| 11:09 | Troll Headhunter |
| 11:38 | Troll Headhunter |
| 12:01 | Troll Headhunter |
| 12:25 | Potion of Healing |
| 12:30 | Troll Headhunter |
| 12:58 | Potion of Mana |
| 14:23 | Peon |
| 15:01 | Peon |
| Right click | 298 |
| Select | 241 |
| Select group | 187 |
| Build/train/purchase | 55 |
| Misc. action | 41 |
| Assign group | 21 |
| Minimap ping | 12 |
| Chat | 10 |
| Use ability | 6 |
| Esc | 5 |

| Rod of Necromancy | 1 | 150 |
| total: | 1 | 150g |
| Acolyte | 7 | 525 | / | 0 |
| Ghoul | 9 | 1080 | / | 0 |
| Obsidian Statue | 11 | 2200 | / | 385 |
| Abomination | 7 | 1680 | / | 490 |
| total: | 34 | 5485g | / | 875w |
| Nerubian Tower | 2 | 200 | / | 40 |
| Spirit Tower | 1 | 145 | / | 40 |
| Crypt | 1 | 200 | / | 50 |
| Graveyard | 1 | 215 | / | 0 |
| Ziggurat | 10 | 1500 | / | 500 |
| Altar of Darkness | 1 | 180 | / | 50 |
| Tomb of Relics | 1 | 130 | / | 30 |
| Necropolis | 1 | 225 | / | 0 |
| Slaughterhouse | 3 | 420 | / | 405 |
| Halls of the Dead | 1 | 320 | / | 210 |
| Black Citadel | 1 | 325 | / | 230 |
| total: | 18 | 2870g | / | 1035w |
| 0:03 | Acolyte |
| 0:10 | Crypt |
| 0:15 | Graveyard |
| 0:20 | Acolyte |
| 0:40 | Ziggurat |
| 0:57 | Altar of Darkness |
| 1:13 | Ghoul |
| 1:32 | Ziggurat |
| 1:37 | Ghoul |
| 2:00 | Tomb of Relics |
| 2:04 | Ghoul |
| 2:23 | Ghoul |
| 2:41 | Ghoul |
| 3:00 | Sleep |
| 3:05 | Ghoul |
| 3:24 | Ghoul |
| 3:36 | Acolyte |
| 3:50 | Rod of Necromancy |
| 3:59 | Ghoul |
| 4:01 | Halls of the Dead |
| 4:22 | Vampiric Aura |
| 4:30 | Nerubian Tower |
| 4:32 | Ziggurat |
| 5:49 | Ghoul |
| 5:52 | Necropolis |
| 6:08 | Sleep |
| 6:26 | Black Citadel |
| 6:30 | Slaughterhouse |
| 6:32 | Slaughterhouse |
| 6:35 | Unholy Armor |
| 7:38 | Obsidian Statue |
| 7:40 | Obsidian Statue |
| 7:44 | Unholy Strength |
| 7:46 | Acolyte |
| 7:46 | Acolyte |
| 7:46 | Acolyte |
| 7:54 | Ziggurat |
| 7:56 | Ziggurat |
| 8:16 | Obsidian Statue |
| 8:23 | Acolyte |
| 8:25 | Obsidian Statue |
| 8:25 | Obsidian Statue |
| 8:54 | Destroyer Form |
| 8:55 | Abomination |
| 9:43 | Obsidian Statue |
| 10:05 | Obsidian Statue |
| 10:17 | Spirit Tower |
| 10:18 | Nerubian Tower |
| 10:23 | Obsidian Statue |
| 10:50 | Obsidian Statue |
| 10:52 | Creature Attack |
| 11:14 | Abomination |
| 11:14 | Abomination |
| 11:23 | Vampiric Aura |
| 12:13 | Abomination |
| 12:41 | Slaughterhouse |
| 12:44 | Improved Creature Attack |
| 12:57 | Abomination |
| 12:58 | Abomination |
| 13:02 | Ziggurat |
| 13:03 | Ziggurat |
| 13:56 | Obsidian Statue |
| 13:58 | Abomination |
| 13:59 | Disease Cloud |
| 14:38 | Ziggurat |
| 14:40 | Ziggurat |
| 15:49 | Obsidian Statue |
| 15:52 | Ziggurat |
| Right click | 559 |
| Select | 261 |
| Select group | 100 |
| Build/train/purchase | 64 |
| Use ability | 27 |
| Assign group | 21 |
| Misc. action | 9 |
| Chat | 3 |
| Item give/drop | 2 |
| Minimap ping | 2 |
123 units @ 16.2k
/ 2.1k
87 buildings @ 11.2k
/ 5.2k


x1)
| Scroll of Regeneration | 5 | 500 |
| Lesser Clarity Potion | 4 | 280 |
| Potion of Mana | 1 | 200 |
| Orb of Fire | 1 | 325 |
| Staff of Sanctuary | 1 | 250 |
| Scroll of Town Portal | 3 | 1050 |
| Tome of Retraining | 1 | 300 |
| Potion of Lesser Invulnerability | 1 | 150 |
| total: | 17 | 3055g |
| Peasant | 13 | 975 | / | 0 |
| Footman | 7 | 945 | / | 0 |
| Sorceress | 3 | 465 | / | 60 |
| Knight | 5 | 1225 | / | 300 |
| Siege Engine | 3 | 585 | / | 180 |
| Priest | 4 | 540 | / | 40 |
| total: | 35 | 4735g | / | 580w |
| Scout Tower | 4 | 120 | / | 80 |
| Guard Tower | 3 | 210 | / | 150 |
| Arcane Tower | 1 | 70 | / | 50 |
| Altar of Kings | 1 | 180 | / | 50 |
| Farm | 9 | 720 | / | 180 |
| Barracks | 1 | 160 | / | 60 |
| Lumber Mill | 1 | 120 | / | 0 |
| Town Hall | 1 | 385 | / | 205 |
| Arcane Vault | 1 | 130 | / | 30 |
| Blacksmith | 1 | 140 | / | 60 |
| Arcane Sanctum | 2 | 300 | / | 280 |
| Workshop | 1 | 140 | / | 140 |
| Keep | 1 | 320 | / | 210 |
| Castle | 1 | 360 | / | 210 |
| total: | 22 | 2395g | / | 1085w |
| 0:03 | Peasant |
| 0:03 | Peasant |
| 0:03 | Peasant |
| 0:19 | Altar of Kings |
| 0:34 | Farm |
| 0:35 | Peasant |
| 0:44 | Peasant |
| 0:49 | Barracks |
| 1:06 | Lumber Mill |
| 1:08 | Peasant |
| 1:12 | Farm |
| 1:25 | Peasant |
| 1:36 | Peasant |
| 1:42 | Peasant |
| 1:48 | Farm |
| 1:51 | Footman |
| 2:00 | Footman |
| 2:11 | Improved Lumber Harvesting |
| 2:21 | Summon Water Elemental |
| 2:27 | Peasant |
| 2:41 | Peasant |
| 3:15 | Peasant |
| 3:19 | Town Hall |
| 3:28 | Scout Tower |
| 3:30 | Scout Tower |
| 3:35 | Arcane Vault |
| 3:40 | Brilliance Aura |
| 3:43 | Peasant |
| 3:49 | Scout Tower |
| 3:57 | Guard Tower |
| 3:59 | Guard Tower |
| 4:12 | Scout Tower |
| 4:18 | Arcane Tower |
| 4:41 | Guard Tower |
| 4:52 | Keep |
| 4:57 | Scroll of Regeneration |
| 5:06 | Footman |
| 5:17 | Footman |
| 5:44 | Footman |
| 5:55 | Footman |
| 5:58 | Farm |
| 6:00 | Farm |
| 6:01 | Improved Masonry |
| 6:06 | Lesser Clarity Potion |
| 6:09 | Scroll of Regeneration |
| 6:18 | Summon Water Elemental |
| 6:21 | Footman |
| 7:14 | Arcane Sanctum |
| 7:36 | Arcane Sanctum |
| 7:45 | Scroll of Town Portal |
| 7:46 | Scroll of Regeneration |
| 8:04 | Castle |
| 8:06 | Blacksmith |
| 8:07 | Advanced Lumber Harvesting |
| 8:29 | Brilliance Aura |
| 8:40 | Defend |
| 9:33 | Sorceress |
| 9:35 | Scroll of Regeneration |
| 9:35 | Lesser Clarity Potion |
| 9:36 | Potion of Mana |
| 9:55 | Scroll of Regeneration |
| 9:57 | Lesser Clarity Potion |
| 9:57 | Scroll of Town Portal |
| 10:09 | Workshop |
| 10:11 | Sorceress |
| 10:20 | Holy Light |
| 10:30 | Farm |
| 10:32 | Knight |
| 10:34 | Knight |
| 10:35 | Priest Adept Training |
| 10:36 | Sorceress Adept Training |
| 10:58 | Advanced Masonry |
| 11:01 | Farm |
| 11:26 | Divine Shield |
| 11:33 | Tome of Retraining |
| 11:33 | Retrain Hero |
| 11:34 | Potion of Lesser Invulnerability |
| 11:40 | Blizzard |
| 11:41 | Blizzard |
| 11:42 | Blizzard |
| 12:13 | Sorceress |
| 12:14 | Knight |
| 12:14 | Knight |
| 12:14 | Knight |
| 12:23 | Farm |
| 12:24 | Barrage |
| 12:24 | Siege Engine |
| 12:27 | Farm |
| 13:33 | Priest Master Training |
| 13:34 | Priest |
| 13:34 | Priest |
| 13:34 | Priest |
| 13:45 | Scroll of Town Portal |
| 13:45 | Lesser Clarity Potion |
| 13:47 | Orb of Fire |
| 13:50 | Staff of Sanctuary |
| 14:03 | Black Gunpowder |
| 14:04 | Animal War Training |
| 14:06 | Sorceress Master Training |
| 14:07 | Priest |
| 14:41 | Holy Light |
| 14:47 | Siege Engine |
| 14:47 | Siege Engine |
| Right click | 938 |
| Select | 368 |
| Build/train/purchase | 131 |
| Use ability | 22 |
| Misc. action | 6 |
| Item give/drop | 2 |



| Lesser Clarity Potion | 5 | 350 |
| Orb of Venom | 3 | 975 |
| Staff of Preservation | 3 | 450 |
| Moonstone | 1 | 50 |
| Scroll of Town Portal | 1 | 350 |
| Boots of Speed | 3 | 750 |
| Staff of Teleportation | 1 | 150 |
| Circlet of Nobility | 1 | 175 |
| total: | 18 | 3250g |
| Wisp | 28 | 1680 | / | 0 |
| Archer | 2 | 260 | / | 20 |
| Chimaera | 6 | 1980 | / | 420 |
| total: | 36 | 3920g | / | 440w |
| Altar of Elders | 2 | 360 | / | 100 |
| Moon Well | 8 | 1440 | / | 320 |
| Ancient of War | 1 | 150 | / | 60 |
| Ancient of Wonders | 3 | 270 | / | 90 |
| Tree of Life | 1 | 340 | / | 185 |
| Hunter's Hall | 1 | 210 | / | 100 |
| Ancient of Wind | 4 | 600 | / | 560 |
| Chimaera Roost | 3 | 420 | / | 570 |
| Tree of Ages | 1 | 320 | / | 180 |
| Tree of Eternity | 1 | 330 | / | 200 |
| total: | 23 | 3790g | / | 1985w |
| 0:02 | Wisp |
| 0:02 | Wisp |
| 0:07 | Altar of Elders |
| 0:09 | Moon Well |
| 0:11 | Altar of Elders |
| 0:23 | Ancient of War |
| 0:31 | Wisp |
| 0:47 | Wisp |
| 0:47 | Wisp |
| 0:53 | Wisp |
| 1:05 | Wisp |
| 1:25 | Archer |
| 1:33 | Moon Well |
| 1:43 | Archer |
| 1:53 | Ancient of Wonders |
| 2:10 | Wisp |
| 2:10 | Wisp |
| 2:10 | Wisp |
| 2:20 | Force of Nature |
| 2:25 | Wisp |
| 2:25 | Wisp |
| 2:25 | Wisp |
| 3:09 | Tree of Ages |
| 3:24 | Lesser Clarity Potion |
| 3:25 | Lesser Clarity Potion |
| 3:55 | Tree of Life |
| 4:32 | Entangling Roots |
| 4:44 | Hunter's Hall |
| 4:46 | Moon Well |
| 4:46 | Moon Well |
| 4:47 | Moon Well |
| 5:33 | Entangling Roots |
| 5:56 | Tree of Eternity |
| 5:58 | Wisp |
| 5:59 | Wisp |
| 5:59 | Wisp |
| 5:59 | Wisp |
| 5:59 | Wisp |
| 6:07 | Boots of Speed |
| 6:10 | Staff of Teleportation |
| 6:38 | Ultravision |
| 6:38 | Strength of the Wild |
| 7:16 | Ancient of Wonders |
| 7:16 | Ancient of Wonders |
| 7:21 | Moon Well |
| 7:30 | Lesser Clarity Potion |
| 8:20 | Orb of Venom |
| 8:20 | Staff of Preservation |
| 8:23 | Well Spring |
| 8:35 | Orb of Venom |
| 8:36 | Staff of Preservation |
| 8:37 | Orb of Venom |
| 8:39 | Staff of Preservation |
| 8:46 | Force of Nature |
| 9:56 | Chimaera Roost |
| 9:56 | Chimaera Roost |
| 9:58 | Wisp |
| 9:58 | Wisp |
| 9:58 | Wisp |
| 9:58 | Wisp |
| 9:58 | Wisp |
| 10:23 | Chimaera Roost |
| 10:26 | Lesser Clarity Potion |
| 10:29 | Moonstone |
| 10:33 | Lesser Clarity Potion |
| 10:34 | Wisp |
| 10:34 | Wisp |
| 10:41 | Reinforced Hides |
| 10:49 | Summon Lava Spawn |
| 10:52 | Trueshot Aura |
| 10:57 | Wisp |
| 11:17 | Boots of Speed |
| 11:20 | Boots of Speed |
| 11:22 | Circlet of Nobility |
| 12:28 | Corrosive Breath |
| 12:28 | Chimaera |
| 12:39 | Nature's Blessing |
| 12:42 | Moon Well |
| 12:42 | Moon Well |
| 13:13 | Chimaera |
| 13:13 | Chimaera |
| 13:13 | Chimaera |
| 13:16 | Wisp |
| 13:17 | Wisp |
| 13:31 | Force of Nature |
| 13:43 | Chimaera |
| 13:48 | Improved Strength of the Wild |
| 14:27 | Chimaera |
| 14:36 | Ancient of Wind |
| 14:37 | Ancient of Wind |
| 14:48 | Scroll of Town Portal |
| 14:58 | Ancient of Wind |
| 15:00 | Ancient of Wind |
| 15:02 | Improved Reinforced Hides |
| 15:25 | Advanced Strength of the Wild |
| 15:37 | Scout |
| 15:45 | Summon Lava Spawn |
| 15:45 | Soul Burn |
| 15:55 | Trueshot Aura |
| Right click | 808 |
| Select | 285 |
| Build/train/purchase | 94 |
| Select group | 82 |
| Assign group | 78 |
| Use ability | 45 |
| Misc. action | 9 |
| Item give/drop | 9 |
| Remove unit | 2 |
| Minimap ping | 1 |



| Rod of Necromancy | 1 | 150 |
| Sacrificial Skull | 1 | 50 |
| Lesser Clarity Potion | 1 | 70 |
| Potion of Mana | 4 | 800 |
| Potion of Healing | 1 | 150 |
| Orb of Corruption | 1 | 375 |
| Scroll of Town Portal | 1 | 350 |
| total: | 10 | 1945g |
| Acolyte | 2 | 150 | / | 0 |
| Ghoul | 2 | 240 | / | 0 |
| Crypt Fiend | 7 | 1505 | / | 280 |
| Obsidian Statue | 4 | 800 | / | 140 |
| total: | 15 | 2695g | / | 420w |
| Nerubian Tower | 1 | 100 | / | 20 |
| Spirit Tower | 1 | 145 | / | 40 |
| Graveyard | 1 | 215 | / | 0 |
| Crypt | 1 | 200 | / | 50 |
| Altar of Darkness | 1 | 180 | / | 50 |
| Ziggurat | 6 | 900 | / | 300 |
| Tomb of Relics | 1 | 130 | / | 30 |
| Slaughterhouse | 1 | 140 | / | 135 |
| Boneyard | 1 | 175 | / | 200 |
| Halls of the Dead | 1 | 320 | / | 210 |
| Black Citadel | 1 | 325 | / | 230 |
| total: | 12 | 1940g | / | 765w |
| 0:04 | Acolyte |
| 0:06 | Graveyard |
| 0:07 | Crypt |
| 0:15 | Acolyte |
| 0:39 | Altar of Darkness |
| 0:55 | Ziggurat |
| 1:08 | Ghoul |
| 1:21 | Tomb of Relics |
| 1:46 | Crypt Fiend |
| 1:57 | Ziggurat |
| 2:19 | Crypt Fiend |
| 2:29 | Nerubian Tower |
| 2:44 | Death Coil |
| 2:46 | Rod of Necromancy |
| 2:50 | Sacrificial Skull |
| 3:10 | Crypt Fiend |
| 3:42 | Halls of the Dead |
| 3:50 | Unholy Aura |
| 3:59 | Crypt Fiend |
| 4:19 | Crypt Fiend |
| 5:03 | Ziggurat |
| 5:10 | Creature Attack |
| 5:41 | Death Coil |
| 5:56 | Crypt Fiend |
| 6:48 | Ziggurat |
| 6:50 | Ghoul |
| 7:20 | Slaughterhouse |
| 7:35 | Lesser Clarity Potion |
| 7:44 | Potion of Mana |
| 7:44 | Potion of Mana |
| 7:45 | Frost Nova |
| 8:41 | Obsidian Statue |
| 8:41 | Obsidian Statue |
| 8:42 | Black Citadel |
| 9:00 | Creature Carapace |
| 10:42 | Scroll of Town Portal |
| 10:42 | Potion of Mana |
| 10:42 | Potion of Healing |
| 11:07 | Orb of Corruption |
| 11:09 | Destroyer Form |
| 11:47 | Frost Armor |
| 11:48 | Unholy Aura |
| 11:54 | Web |
| 12:10 | Impale |
| 12:19 | Potion of Mana |
| 12:50 | Ziggurat |
| 13:06 | Improved Creature Attack |
| 13:07 | Ziggurat |
| 13:09 | Spirit Tower |
| 13:47 | Obsidian Statue |
| 13:48 | Boneyard |
| 14:28 | Obsidian Statue |
| 14:29 | Crypt Fiend |
| 15:37 | Frost Nova |
| Right click | 966 |
| Select group | 841 |
| Select | 241 |
| Use ability | 71 |
| Build/train/purchase | 63 |
| Misc. action | 51 |
| Assign group | 22 |
| Item give/drop | 5 |
| Minimap ping | 1 |



| Scroll of Regeneration | 3 | 300 |
| Lesser Clarity Potion | 2 | 140 |
| Potion of Healing | 1 | 150 |
| Orb of Fire | 1 | 325 |
| Scroll of Town Portal | 1 | 350 |
| total: | 8 | 1265g |
| Peasant | 18 | 1350 | / | 0 |
| Rifleman | 9 | 1845 | / | 270 |
| Sorceress | 3 | 465 | / | 60 |
| Priest | 2 | 270 | / | 20 |
| Mortar Team | 5 | 900 | / | 350 |
| total: | 37 | 4830g | / | 700w |
| Scout Tower | 6 | 180 | / | 120 |
| Arcane Tower | 1 | 70 | / | 50 |
| Guard Tower | 2 | 140 | / | 100 |
| Altar of Kings | 1 | 180 | / | 50 |
| Farm | 13 | 1040 | / | 260 |
| Blacksmith | 1 | 140 | / | 60 |
| Barracks | 1 | 160 | / | 60 |
| Lumber Mill | 2 | 240 | / | 0 |
| Town Hall | 1 | 385 | / | 205 |
| Arcane Vault | 1 | 130 | / | 30 |
| Arcane Sanctum | 2 | 300 | / | 280 |
| Workshop | 2 | 280 | / | 280 |
| Keep | 1 | 320 | / | 210 |
| Castle | 1 | 360 | / | 210 |
| total: | 30 | 3035g | / | 1345w |
| 0:02 | Peasant |
| 0:02 | Peasant |
| 0:02 | Peasant |
| 0:03 | Peasant |
| 0:20 | Altar of Kings |
| 0:34 | Farm |
| 0:42 | Peasant |
| 1:02 | Blacksmith |
| 1:13 | Barracks |
| 1:16 | Peasant |
| 1:25 | Peasant |
| 1:31 | Farm |
| 1:35 | Lumber Mill |
| 1:38 | Peasant |
| 2:00 | Scout Tower |
| 2:10 | Farm |
| 2:15 | Peasant |
| 2:16 | Peasant |
| 2:16 | Peasant |
| 2:19 | Summon Water Elemental |
| 2:27 | Arcane Tower |
| 2:31 | Rifleman |
| 2:40 | Peasant |
| 3:00 | Rifleman |
| 3:04 | Farm |
| 3:23 | Rifleman |
| 3:39 | Farm |
| 3:48 | Rifleman |
| 3:53 | Brilliance Aura |
| 4:40 | Town Hall |
| 4:48 | Scout Tower |
| 4:48 | Scout Tower |
| 4:50 | Scout Tower |
| 4:50 | Scout Tower |
| 4:51 | Scout Tower |
| 4:54 | Summon Water Elemental |
| 5:19 | Guard Tower |
| 5:21 | Keep |
| 5:47 | Guard Tower |
| 6:13 | Improved Lumber Harvesting |
| 6:14 | Black Gunpowder |
| 6:39 | Peasant |
| 6:39 | Peasant |
| 6:39 | Peasant |
| 6:39 | Peasant |
| 6:54 | Rifleman |
| 6:55 | Arcane Vault |
| 7:00 | Farm |
| 7:41 | Scroll of Regeneration |
| 7:48 | Arcane Sanctum |
| 8:04 | Advanced Lumber Harvesting |
| 8:06 | Workshop |
| 8:46 | Peasant |
| 8:53 | Peasant |
| 8:54 | Rifleman |
| 8:56 | Long Rifles |
| 9:03 | Sorceress |
| 9:03 | Priest |
| 9:12 | Lesser Clarity Potion |
| 9:14 | Scroll of Regeneration |
| 9:23 | Mortar Team |
| 9:34 | Sorceress |
| 9:34 | Priest |
| 9:38 | Farm |
| 9:39 | Farm |
| 9:39 | Farm |
| 9:40 | Farm |
| 9:42 | Holy Light |
| 9:44 | Scroll of Town Portal |
| 9:45 | Lesser Clarity Potion |
| 9:47 | Scroll of Regeneration |
| 9:56 | Mortar Team |
| 9:58 | Castle |
| 10:02 | Lumber Mill |
| 10:46 | Studded Leather Armor |
| 10:47 | Mortar Team |
| 10:49 | Flare |
| 10:50 | Sorceress Adept Training |
| 10:51 | Priest Adept Training |
| 11:08 | Rifleman |
| 11:13 | Rifleman |
| 11:15 | Potion of Healing |
| 11:23 | Mortar Team |
| 11:32 | Brilliance Aura |
| 11:50 | Refined Gunpowder |
| 11:54 | Arcane Sanctum |
| 11:57 | Workshop |
| 12:02 | Rifleman |
| 12:23 | Fragmentation Shards |
| 13:26 | Reinforced Leather Armor |
| 13:29 | Mortar Team |
| 13:32 | Sorceress |
| 13:33 | Priest Master Training |
| 13:57 | Storm Bolt |
| 13:59 | Orb of Fire |
| 14:40 | Improved Masonry |
| 14:41 | Sorceress Master Training |
| 14:43 | Imbued Gunpowder |
| 14:45 | Farm |
| 14:47 | Farm |
| 14:48 | Farm |
| 15:10 | Divine Shield |
| 15:44 | Bash |
| Select group | 432 |
| Select | 264 |
| Right click | 236 |
| Misc. action | 173 |
| Build/train/purchase | 98 |
| Assign group | 26 |
| Use ability | 18 |
| Minimap ping | 7 |
| Resource trade | 4 |
| Esc | 2 |
| Item give/drop | 1 |
| Remove unit | 1 |
⇛